 Dungeon Crawl Stone Soup version 0.26-a0-491-g70697cc071 (webtiles) character file.

Game seed: 17726506448857777691

73 BeastOfSaturn the Slasher (level 4, 0/33 HPs)
             Began as a Demonspawn Warper on Aug 5, 2020.
             Slain by an orc wizard
             ... wielding a +0 dagger
              (2 damage)
             ... on level 3 of the Dungeon.
             The game lasted 00:04:43 (2130 turns).

BeastOfSaturn the Slasher (Demonspawn Warper)       Turns: 2130, Time: 00:04:43

Health: 0/33       AC:  4    Str: 13    XL:     4   Next: 8%
Magic:  6/7        EV: 12    Int: 14    God:
Gold:   140        SH:  6    Dex: 12    Spells: 7/7 levels left

rFire    . . .     SeeInvis .   a - +0 falchion
rCold    + . .     Faith    .   (no shield)
rNeg     . . .     Spirit   .   b - +0 leather armour
rPois    +         Reflect  .   (no helmet)
rElec    .         Harm     .   f - +0 cloak
rCorr    .                      (no gloves)
MR       .....                  (no boots)
Stlth    +.........             (no amulet)
HPRegen  0.11/turn              i - ring of poison resistance
MPRegen  0.10/turn              m - ring of protection from cold

@: no status effects
A: large bone plates 2
a: no special abilities


You were on level 3 of the Dungeon.
You visited 1 branch of the dungeon, and saw 3 of its levels.

You collected 140 gold pieces.

Inventory:

Hand Weapons
 a - a +0 falchion (weapon)
Missiles
 e - 5 boomerangs of dispersal (quivered)
 p - 8 boomerangs
Armour
 b - a +0 leather armour (worn)
 f - a +0 cloak (worn)
Jewellery
 i - a ring of poison resistance (left hand)
 m - a ring of protection from cold (right hand)
Scrolls
 c - a scroll of magic mapping {unknown}
 l - a scroll of remove curse
 n - a scroll of identify
Potions
 d - a potion of magic {unknown}
 k - 2 potions of cancellation {unknown}
 o - a potion of invisibility {unknown}


   Skills:
 - Level 2.0 Fighting
 * Level 3.4 Long Blades
 - Level 0.8 Throwing
 - Level 0.8 Armour
 * Level 2.7 Dodging
 - Level 2.0 Spellcasting
   Level 2.6 Translocations


You had 7 spell levels left.
You didn't know any spells.
Your spell library contained the following spells:

 Spells                   Type           Power        Failure   Level
 Blink                    Tloc           N/A          16%         2
 Gell's Gravitas          Tloc           #.........   30%         3
 Lesser Beckoning         Tloc           #.........   30%         3
 Teleport Other           Tloc           #.......     30%         3
 Passage of Golubria      Tloc           N/A          69%         4


Dungeon Overview and Level Annotations

Branches:
Dungeon (3/15)

Altars:
The Shining One


Innate Abilities, Weirdness & Mutations

You are mostly covered in large bone plates. (SH +6)


Message History

The orc wizard barely misses you.
You closely miss the orc wizard.
The orc wizard is severely wounded.
You block the orc wizard's attack.
The orc hits you with a +2 antimagic hand axe.
* * * LOW HITPOINT WARNING * * *
You feel your power leaking away.
The orc wizard hits you with a +0 dagger.
* * * LOW HITPOINT WARNING * * *
The orc wizard hits you with a +0 dagger.
* * * LOW HITPOINT WARNING * * *
You block the orc wizard's attack.
You closely miss the orc wizard.
The orc wizard is severely wounded.
You block the orc's attack.
The orc wizard points at you and mumbles some strange words.
The magic dart hits you.
* * * LOW HITPOINT WARNING * * *
The orc wizard hits you with a +0 dagger.
You die...

#.....## ### #####.#
. ... #.# .. ..## #.#
..# #.## #.# .. #..##
#.# #.##...### #.#
#.)..o.o.#######.#
.#####oo.o@........#
............#########
.#######..###
.......## ########


You could see an orc wizard (fast) and 4 orcs.

Vanquished Creatures
  An adder (D:3)
  An ooze (D:3)
  A dart slug (D:2)
  A leopard gecko (D:2)
  3 orcs (D:3)
  14 bats
  A giant cockroach (D:1)
  3 goblins (D:1)
  4 hobgoblins (D:1)
  4 jackals (D:1)
  7 kobolds
  2 quokkas (D:3)
  5 frilled lizards
  5 rats
52 creatures vanquished.

Notes
Turn   | Place    | Note
-------+----------+-------------------------------------------
     0 | D:1      | BeastOfSaturn the Demonspawn Warper began the quest for the
                  | Orb.
     0 | D:1      | Reached XP level 1. HP: 16/16 MP: 3/3
    57 | D:1      | Reached skill level 2 in Long Blades
    63 | D:1      | Gained mutation: You are partially covered in large bone
                  | plates. (SH +4) [demonic ancestry]
    63 | D:1      | Reached XP level 2. HP: 8/22 MP: 5/5
   892 | D:1      | Gained mutation: You are mostly covered in large bone
                  | plates. (SH +6) [demonic ancestry]
   892 | D:1      | Reached XP level 3. HP: 15/27 MP: 6/6
  1143 | D:1      | Found a glowing golden altar of the Shining One.
  1691 | D:2      | Reached skill level 3 in Long Blades
  2109 | D:3      | Reached XP level 4. HP: 30/33 MP: 7/7
  2130 | D:3      | Slain by an orc wizard

Illustrated notes

Levels and vault maps discovered:
D:1:      sevenhm_arrival_forest_fort_small_3, layout_rooms,
          minmay_splitting_lines, tso_altar
D:2:      layout_basic
D:3:      layout_loops_corners, amethyst_overflow_temple_binary,
          lemuel_blue_sif_altar, uniq_jessica

Skill      XL: |  1  2  3 |
---------------+----------+-----
Long Blades    | 2 3 |  3.4
Dodging        | 2 |  2.7
Fighting       | |  2.0
Throwing       | |  0.8
Armour         | |  0.8
Spellcasting   | |  2.0
Translocations | |  2.6

Action                   |  1- 3 |  4- 6 || total
-------------------------+-------+-------++-------
Melee: Falchion          |   160 |    14 ||   174
  Use: Scroll            |     5 |       ||     5
       Potion            |       |     2 ||     2
Armor: Leather armour    |    57 |     2 ||    59
Dodge: Dodged            |   132 |     5 ||   137
Block: Other             |    41 |     4 ||    45
       Rpst.: Falchion   |    41 |     2 ||    43

Table legend: (Time is in decaauts)
 A = Elapsed time spent in this place.
 B = Non-inter-level travel time spent in this place.
 C = Inter-level travel time spent in this place.
 D = Time resting spent in this place.
 E = Time spent auto-exploring this place.
 F = Levels seen in this place.
 G = Mean time per level.
                   A        B        C        D        E       F      G
               +--------+--------+--------+--------+--------+-----+--------+
         Total |   2157 |   2117 |     40 |    284 |   1438 |   3 |  719.0 |
       Dungeon |   2157 |   2117 |     40 |    284 |   1438 |   3 |  719.0 |
               +--------+--------+--------+--------+--------+-----+--------+

Top non-repeatable levels by time:
     D:1: 1307 daAuts
     D:2: 484 daAuts
     D:3: 365 daAuts
